 Dungeon Crawl Stone Soup version 0.29.1-1-gd02db6906a (webtiles) character file.

Game seed: 17344733740217120160

22638 Earthwalker the Fencer (level 12, -19/112 HPs)
             Began as a Minotaur Fighter on Oct 6, 2022.
             Was an Initiate of Gozag.
             Killed from afar by a rakshasa (illusionary) (26 damage)
             ... with a lance of force
             ... on level 12 of the Dungeon.
             The game lasted 01:18:02 (19720 turns).

Earthwalker the Fencer (Minotaur Fighter)          Turns: 19720, Time: 01:18:03

Health: -19/112    AC: 16    Str: 23    XL:     12   Next: 64%
Magic:  20/20      EV: 28    Int:  5    God:    Gozag
Gold:   1848       SH:  7    Dex: 17    Spells: 11/11 levels left

rFire   + . .      SeeInvis +   s - +6 long sword
rCold   x . .      Faith    .   c - +0 buckler
rNeg    . . .      Spirit   .   b - +2 scale mail
rPois   .          Reflect  .   (helmet restricted)
rElec   .          Harm     .   (no cloak)
rCorr   .          Rampage  .   K - +0 pair of gloves
Will    .....                   y - +2 pair of boots
Stlth   ..........              F - amulet "Kuecheo" {Acrobat Dex+2}
HPRegen 0.28/turn               g - ring of see invisible
MPRegen 0.17/turn               k - ring "Mecsebbu" {Fire MP+9 Str+2 Slay+5}

@: acrobatic
A: horns 2, retaliatory headbutt
a: Renounce Religion, Potion Petition, Call Merchant, Bribe Branch


You were on level 12 of the Dungeon.
You worshipped Gozag.
Gozag was most pleased with you.
You visited 2 branches of the dungeon, and saw 14 of its levels.

You collected 2682 gold pieces.
You spent 720 gold pieces at shops.
You paid 114 gold pieces to Gozag.

Inventory:

Hand Weapons
 a - a +1 long sword of electrocution
 p - a +0 shortbow
 s - a +6 long sword (weapon)
 I - a +0 dagger of flaming
Missiles
 r - 2 throwing nets (quivered)
Armour
 b - a +2 scale mail (worn)
 c - a +0 buckler (worn)
 y - a +2 pair of boots (worn)
 K - a +0 pair of gloves (worn)
Jewellery
 e - a ring of flight
 g - a ring of see invisible (left hand)
 k - the ring "Mecsebbu" (right hand) {Fire MP+9 Str+2 Slay+5}
   (You found it on level 2 of the Dungeon)

   [ring of fire]

   It enhances your fire magic.
   Str:       It affects your strength (+2).
   Slay:      It affects your accuracy & damage with ranged weapons and melee
   (+5).
   rF:        It protects you from fire.
   rC:        It makes you vulnerable to cold.
   MP:        It affects your magic capacity (+9).
 C - an amulet of the acrobat
 F - the amulet "Kuecheo" (around neck) {Acrobat Dex+2}
   (You found it on level 10 of the Dungeon)

   [amulet of the acrobat]

   It increases your evasion while moving and waiting.
   Dex:       It affects your dexterity (+2).
 G - a +4 ring of protection
 H - a +4 ring of protection
 J - an amulet of the acrobat
Wands
 h - a wand of iceblast (12)
 i - a wand of light (10)
 x - a wand of flame (24)
 L - a wand of polymorph (8)
Scrolls
 f - a scroll of identify
 q - 4 scrolls of blinking
 v - 4 scrolls of noise
 w - a scroll of fear
 D - 3 scrolls of vulnerability
Potions
 d - 4 potions of might
 j - 12 potions of curing
 l - 6 potions of brilliance
 m - 5 potions of attraction
 n - 2 potions of resistance
 o - 2 potions of magic
 t - a potion of heal wounds
 u - a potion of ambrosia {unknown}
 z - 5 potions of degeneration
 A - 2 potions of mutation
 B - 2 potions of lignification
 E - a potion of berserk rage {unknown}
 M - 2 potions of haste {unknown}


   Skills:
 + Level 12.1 Fighting
 + Level 15.1 Long Blades
 + Level 13.3 Armour
 + Level 6.9 Dodging
 + Level 9.2 Shields
 + Level 0.3 Evocations


You had 11 spell levels left.
You didn't know any spells.
Your spell library contained the following spells:

 Spells                   Type           Power      Damage    Failure   Level
 Shock                    Conj/Air       0%         1d3       78%         1
 Slow                     Hex            0%         N/A       78%         1
 Confusing Touch          Hex            0%         N/A       98%         3
 Portal Projectile        Hex/Tloc       0%         N/A       98%         3
 Swiftness                Air            0%         N/A       98%         3
 Tukima's Dance           Hex            0%         N/A       98%         3
 Vampiric Draining        Necr           0%         2d6       98%         3
 Airstrike                Air            0%         2d(0-16)  100%        4
 Blade Hands              Tmut           0%         N/A       100%        5
 Summon Forest            Summ/Tloc      0%         N/A       100%        5
 Summon Mana Viper        Hex/Summ       0%         N/A       100%        5
 Summon Cactus Giant      Summ           0%         N/A       100%        6
 Borgnjor's Revivificati  Necr           0%         N/A       100%        8
 Necromutation            Tmut/Necr      0%         N/A       100%        8
 Death's Door             Necr           0%         N/A       100%        9


Dungeon Overview and Level Annotations

Branches:
Dungeon (13/15)            Temple (1/1) D:7            Lair (0/5) D:11
    Orc (0/2) D:11         Vaults (0/5) D:13

Altars:
Ashenzari
Cheibriados
Dithmenos
Elyvilon
Fedhas
Gozag
Hepliaklqana
Kikubaaqudgha
Makhleb
Nemelex Xobeh
Okawaru
Qazlal
Ru
Sif Muna
Trog
Uskayaw
Vehumet
Wu Jian
Xom
Zin
The Shining One

Shops:
D:1 [   D:12 :*[


Innate Abilities, Weirdness & Mutations

You have a pair of horns on your head.
You reflexively headbutt those who attack you in melee.


Message History

The rakshasa blinks!
The rakshasa barely misses you. The rakshasa closely misses you.
You slice the rakshasa!!
You kill the rakshasa!
The rakshasa shimmers and vanishes!
The rakshasa closely misses you.
Aiming: Iceblast
Press: ? - help, Shift-Dir - straight line The mass of ice explodes!
The iceblast engulfs the rakshasa!
The rakshasa is severely wounded.
The rakshasa hits you from afar with a +0 trident!
* * * LOW HITPOINT WARNING * * *
The rakshasa blinks!
The rakshasa misses you.
Things that are here:
4 large rocks; a +0 plate armour; a +0 great sword You slash the rakshasa!
Your headbutt misses the rakshasa.
The rakshasa is almost dead.
The rakshasa misses you. You furiously retaliate!
You headbutt the rakshasa, but do no damage.
You hit the rakshasa but do no damage. Your headbutt misses the rakshasa.
The rakshasa is severely wounded.
You closely miss the rakshasa.
The rakshasa is severely wounded.
The rakshasa hits you with a +0 trident!
* * * LOW HITPOINT WARNING * * *
The rakshasa attacks as you move away! The rakshasa barely misses you.
The rakshasa blinks!
There is a stone staircase leading down, spattered with blood here.
You climb downwards.
There is a stone staircase leading up, spattered with blood here.
The centaur warrior shoots an arrow.
The arrow hits you!
* * * LOW HITPOINT WARNING * * *
You climb upwards.
The rakshasa blinks!
The rakshasa hits you from afar with a +0 trident!
* * * LOW HITPOINT WARNING * * *
There is a stone staircase leading down, spattered with blood here.
The rakshasa gestures at you. The lance of force hits you!!
You die...
Your body crumbles into a pile of gold.

############################
...........................#
##....#####......###..##...#
##....# #......# #.......#
......# #......###.......#
......#####....<...[[......#
................@..RR......#
########'####'######[......#
...................#.......#
...................#...>...#
...................#.......#
...................#.#.....#
...................#.#.....#
...................'.#.....#
...................#.#.....#


You could see 2 rakshasas.

Vanquished Creatures
  Kirke (D:12)
  A boulder beetle (D:12)
  4 vault guards (D:12)
  A catoblepas (D:13)
  A centaur warrior (D:13)
  6 two-headed ogres
  Lodul (D:12)
  Pikel (D:4)
  A deep elf pyromancer (D:12)
  A cyclops (D:12)
  An unseen horror (D:11)
  A kobold demonologist (D:11)
  A hornet (D:9)
  3 trolls
  Grinder (D:3)
  6 slime creatures
  2 wraiths
  A wyvern (D:9)
  3 shadows
  12 yaks
  A hog (shapeshifter) (D:12)
  2 humans (D:8)
  Menkaure (D:4)
  3 vampire mosquitoes (D:12)
  2 acid dragons
  2 floating eyes (D:9)
  2 water moccasins
  A sky beast (D:6)
  A black bear (D:4)
  An ice beast (D:8)
  5 orc warriors
  5 ogres
  7 centaurs
  3 lemures (D:4)
  A phantom (D:6)
  8 kobold brigands
  7 bullfrogs
  2 gnoll sergeants
  3 scorpions
  8 wights
  12 killer bees
  3 howler monkeys
  8 orc priests
  A hound (D:5)
  4 gnoll boudas
  2 jellies
  Natasha (twice) (D:2)
  Ijyb (D:4)
  Terence (D:2)
  4 iguanas
  16 orc wizards
  13 gnolls
  3 adders
  A shadow imp (D:5)
  4 white imps (D:8)
  An ufetubus (D:5)
  3 worms
  2 dart slugs
  49 orcs
  3 bats
  4 endoplasms
  5 giant cockroaches
  5 goblins
  6 hobgoblins
  3 jackals
  3 quokkas
  7 ball pythons
  5 frilled lizards
  19 kobolds
  2 rats
  A bush (D:6)
307 creatures vanquished.

Vanquished Creatures (others)
  An ogre (D:12)
  An orc (D:12)
  A jackal (D:4)
  A plant (D:9)
  4 toadstools (D:1)
8 creatures vanquished.

Grand Total: 315 creatures vanquished

Notes
Turn   | Place    | Note
-------+----------+-------------------------------------------
     0 | D:1      | Earthwalker the Minotaur Fighter began the quest for the
                  | Orb.
     0 | D:1      | Reached XP level 1. HP: 19/19 MP: 0/0
   320 | D:1      | Reached XP level 2. HP: 27/27 MP: 1/1
   596 | D:1      | Found Beosm's Antique Armour Emporium.
  1042 | D:2      | Identified the ring "Mecsebbu" {Fire MP+9 Str+2 Slay+5}
  1207 | D:2      | Reached XP level 3. HP: 32/33 MP: 2/2
  1243 | D:2      | Noticed Terence
  1253 | D:2      | Killed Terence
  1254 | D:2      | Reached skill level 3 in Long Blades
  1503 | D:2      | Noticed Natasha
  1514 | D:2      | Killed Natasha
  1515 | D:2      | Reached XP level 4. HP: 25/41 MP: 3/3
  1659 | D:2      | Noticed Natasha
  1667 | D:2      | Killed Natasha
  1783 | D:3      | Found a shadowy altar of Dithmenos.
  1803 | D:3      | Reached skill level 4 in Long Blades
  2018 | D:3      | Noticed Grinder
  2029 | D:3      | Paralysed by Grinder for 2 turns
  2031 | D:3      | Killed Grinder
  2032 | D:3      | Reached skill level 5 in Fighting
  2032 | D:3      | Reached skill level 5 in Long Blades
  2032 | D:3      | Reached skill level 5 in Armour
  2032 | D:3      | Reached skill level 1 in Dodging
  2032 | D:3      | Reached XP level 5. HP: 18/48 MP: 4/4
  2032 | D:3      | Reached XP level 6. HP: 21/56 MP: 5/5
  3133 | D:4      | Noticed Ijyb
  3150 | D:4      | Killed Ijyb
  3426 | D:4      | Found a sacrificial altar of Ru.
  3442 | D:4      | Noticed Pikel
  3472 | D:5      | Entered Level 5 of the Dungeon
  4263 | D:5      | Reached skill level 6 in Long Blades
  4263 | D:5      | Reached XP level 7. HP: 38/61 MP: 6/6
  4583 | D:5      | Found a broken altar of Ashenzari.
  5948 | D:6      | Found an ornate altar of the Wu Jian Council.
  6002 | D:6      | Reached skill level 5 in Shields
  6595 | D:6      | Reached skill level 7 in Long Blades
  6595 | D:6      | Reached XP level 8. HP: 67/70 MP: 7/7
  6968 | D:7      | Found a staircase to the Ecumenical Temple.
  6981 | Temple   | Entered the Ecumenical Temple
  7306 | D:7      | Found an opulent altar of Gozag.
  7318 | D:7      | Found a blossoming altar of Fedhas.
  7320 | D:7      | Became a worshipper of Gozag Ym Sagoz the Greedy
  7323 | D:7      | Found a hide-covered altar of Uskayaw.
  7324 | D:7      | Found a snail-covered altar of Cheibriados.
  7332 | D:7      | Found a stormy altar of Qazlal.
  7508 | D:7      | Reached skill level 8 in Long Blades
  7632 | D:4      | Noticed Menkaure
  7639 | D:4      | Killed Menkaure
  7917 | D:4      | Killed Pikel
  7918 | D:4      | Reached skill level 9 in Long Blades
  7918 | D:4      | Reached XP level 9. HP: 78/78 MP: 8/8
  8017 | D:4      | You fall into a shaft and drop 2 floors!
  8790 | D:8      | Found an iron altar of Okawaru.
  8979 | D:8      | Found a radiant altar of Vehumet.
  9037 | D:8      | Reached skill level 10 in Long Blades
  9165 | D:8      | Noticed a troll
  9417 | D:7      | Killed a troll
  9647 | D:8      | Reached skill level 11 in Long Blades
 10189 | D:8      | Reached XP level 10. HP: 88/88 MP: 9/9
 10848 | D:9      | Noticed a two-headed ogre
 10850 | D:9      | Noticed a two-headed ogre
 10873 | D:8      | Killed a two-headed ogre
 10874 | D:8      | Reached skill level 10 in Armour
 10954 | D:8      | Killed a two-headed ogre
 10955 | D:8      | Reached skill level 12 in Long Blades
 11161 | D:9      | Reached skill level 5 in Dodging
 11398 | D:9      | Paralysed by a floating eye for 3 turns
 11497 | D:9      | Noticed a two-headed ogre
 11505 | D:9      | Killed a two-headed ogre
 11705 | D:9      | Found a white marble altar of Elyvilon.
 11705 | D:9      | Found a glowing silver altar of Zin.
 11721 | D:9      | Reached XP level 11. HP: 64/95 MP: 10/10
 11722 | D:9      | Found a glowing golden altar of the Shining One.
 11881 | D:9      | Found a shimmering blue altar of Sif Muna.
 11918 | D:9      | Identified the +0 plate armour of Serendipity {+Inv Int-2
                  | SInv Stlth+}
 12175 | D:9      | Noticed a two-headed ogre
 12188 | D:9      | Killed a two-headed ogre
 12189 | D:9      | Reached skill level 13 in Long Blades
 12737 | D:10     | Entered Level 10 of the Dungeon
 13226 | D:10     | Identified the amulet "Kuecheo" {Acrobat Dex+2}
 13823 | D:10     | Reached skill level 10 in Fighting
 13940 | D:11     | Found a staircase to the Orcish Mines.
 14072 | D:11     | Noticed a two-headed ogre
 14083 | D:11     | Killed a two-headed ogre
 14202 | D:11     | Reached skill level 14 in Long Blades
 14508 | D:11     | Found a staircase to the Lair.
 14638 | D:11     | Noticed an eight-headed hydra
 14974 | D:11     | Noticed a two-headed ogre
 15006 | D:11     | Killed a two-headed ogre
 15118 | D:12     | Found Cel Taoh's Antique Armour Shop.
 15180 | D:12     | Noticed Lodul
 15368 | D:12     | Killed Lodul
 15483 | D:12     | Found Gooh's Book Boutique.
 15661 | D:12     | Found Xoulenoa's Assorted Antiques.
 15670 | D:12     | Bought a scroll of enchant weapon for 247 gold pieces
 15670 | D:12     | Bought a yellow potion for 29 gold pieces
 15670 | D:12     | Bought a wand of flame (6) for 138 gold pieces
 15670 | D:12     | Bought a wand of light (2) for 277 gold pieces
 15670 | D:12     | Bought a ruby potion for 29 gold pieces
 15727 | D:12     | Noticed Kirke
 16085 | D:12     | Killed Kirke
 16086 | D:12     | Reached XP level 12. HP: 104/110 MP: 7/11
 16658 | D:13     | Found a gate to the Vaults.
 16658 | D:13     | Noticed a centaur warrior
 16658 | D:13     | Noticed a vault guard
 16658 | D:13     | Noticed a vault guard
 16658 | D:13     | Noticed a vault guard
 16658 | D:13     | Noticed a vault guard
 16658 | D:13     | Noticed a boulder beetle
 16740 | D:12     | HP: 4/110 [vault guard/+1 battleaxe (13)]
 16741 | D:12     | Killed a vault guard
 17143 | D:12     | Killed a vault guard
 17393 | D:12     | Killed a vault guard
 17712 | D:12     | Killed a boulder beetle
 17870 | D:12     | Killed a vault guard
 17871 | D:12     | Reached skill level 15 in Long Blades
 18139 | D:13     | Killed a centaur warrior
 18578 | D:13     | Noticed a catoblepas
 18780 | D:13     | Killed a catoblepas
 19062 | D:13     | Noticed a rakshasa
 19690 | D:13     | Noticed a centaur warrior
 19720 | D:12     | Killed from afar by a rakshasa (illusionary)

Illustrated notes

Levels and vault maps discovered:
D:1:      ldierk_walled_garden_2, layout_basic, serial_shops, shop_fountains
D:2:      layout_rooms, kennysheep_generic_room_3, uniq_natasha, uniq_terence
D:3:      wander_river, layout_loops_ring, nicolae_dithmenos_shadow_blocks,
          uniq_grinder
D:4:      layout_basic, nicolae_ru_great_annihilating_truth, uniq_pikel,
          uniq_ijyb, uniq_menkaure
D:5:      layout_layer_cave, evilmike_ruin_ashenzari
D:6:      layout_basic, nicolae_overflow_hidden_temple, minmay_hedge_maze
D:7:      layout_basic, nicolae_overflow_hallway_of_the_gods,
          minmay_temple_entry_hall
D:8:      layout_cave_pools, vehumet_crystals, okawaru_humans, serial_rivers,
          chequers_serial_rivers_micro_c, chequers_serial_rivers_micro_d,
          chequers_serial_rivers_marsh, chequers_serial_rivers_room_b,
          chequers_serial_rivers_large_b, chequers_serial_rivers_large_a,
          kennysheep_kite_vault
D:9:      layout_stronghold, good_gods_temple_1, mainiacjoe_overflow_catwalk,
          onia_ninara_cookie
D:10:     layout_irregular_city, chequers_serial_rivers_micro_e
D:11:     layout_gridville, lair_entry_dummy, hiddenorc2_lemuel
D:12:     layout_stronghold, serial_shops, shop, shop, shop, uniq_lodul,
          uniq_kirke
D:13:     layout_cross, lightli_vaults_fourway_checkpoint, grunt_tough_drop
Temple:   hellmonk_temple_micro_hex

Skill      XL: |  1  2  3  4  5  6  7  8  9 10 11 12 |
---------------+-------------------------------------+-----
Shields        | 4 5 6 8 9 |  9.2
Armour         | 4 5 7 8 9 11 12 13 | 13.3
Fighting       | 4 5 6 7 9 11 12 | 12.1
Long Blades    | 3 5 6 7 9 11 12 14 15 | 15.1
Dodging        | 1 2 3 4 5 6 |  6.9
Evocations     | |  0.3

Action                   |  1- 3 |  4- 6 |  7- 9 | 10-12 || total
-------------------------+-------+-------+-------+-------++-------
Melee: Long sword        |    65 |   141 |   257 |   516 ||   979
       Headbutt          |     8 |    17 |    50 |   124 ||   199
       Unarmed           |       |       |       |    16 ||    16
Evoke: Wand              |       |       |       |     5 ||     5
  Use: Scroll            |     4 |     6 |     4 |    12 ||    26
       Potion            |       |       |       |     3 ||     3
 Stab: Distracted        |       |       |     1 |       ||     1
       Paralysed         |       |       |     1 |       ||     1
Armor: Scale mail        |    26 |    43 |   101 |   151 ||   321
Dodge: Dodged            |    35 |    50 |    96 |   289 ||   470
Block: Buckler           |    11 |    36 |    51 |   137 ||   235
